 Dungeon Crawl Stone Soup version 0.31.0-1-g2c135a0 (webtiles) character file.

Game seed: 11705723426381330876

445 malesh the Ruffian (level 6, 0/62 HPs)
             Began as a Troll Gladiator on Mar 29, 2024.
             Slain by a water moccasin (5 damage)
             ... on level 5 of the Dungeon.
             The game lasted 00:06:34 (2694 turns).

malesh the Ruffian (Troll Gladiator)                Turns: 2694, Time: 00:06:34

Health: 0/62       AC:  7    Str: 23    XL:     6   Next: 72%
Magic:  0/5        EV: 10    Int:  6    God:
Gold:   200        SH:  0    Dex: 11    Spells: 5/5 levels left

rFire   . .          .
                       - Unarmed
rCold   . . .        (no shield)
rNeg    . . .        a - +0 robe
rPois   .            b - +0 hat
rElec   .            o - +2 cloak
rCorr   .            (gloves unavailable)
SInv    .            (boots unavailable)
Will    .....        f - amulet of guardian spirit
Stlth   +            (no ring)
HPRegen 1.10/turn    (no ring)
MPRegen 0.09/turn

%: guardian spirit
@: lethally poisoned (0 -> -1)
A: large, unfitting armour, claws 3, regeneration 1, shaggy fur 1, tough skin 1
a: no special abilities


You were on level 5 of the Dungeon.
You visited 1 branch of the dungeon, and saw 5 of its levels.

You collected 200 gold pieces.

Inventory:

Missiles
 d - a large rock
Armour
 a - a +0 robe (worn)
 b - a +0 hat (worn)
 o - a +2 cloak (worn)
Jewellery
 f - an amulet of guardian spirit (around neck)
Talismans
 n - a granite talisman
Wands
 q - a wand of light (9)
 t - a wand of mindburst (11)
Scrolls
 e - a scroll of enchant weapon
 h - a scroll of butterflies {unknown}
 k - a scroll of teleportation
 r - 2 scrolls of identify {unknown}
Potions
 i - 2 potions of degeneration {unknown}
 j - 2 potions of lignification {unknown}
 l - a potion of attraction {unknown}
 m - 4 potions of brilliance {unknown}
 p - a potion of enlightenment {unknown}
 s - 2 potions of heal wounds {unknown}


   Skills:
 * Level 3.7 Fighting
 + Level 3.1 Throwing
 + Level 3.3 Dodging
 * Level 5.0 Unarmed Combat


You had 5 spell levels left.
You didn't know any spells.
Your spell library contained the following spells:

 Spells                   Type           Power      Damage    Failure   Level
 Sandblast                Erth           0%         2d4       45%         1
 Blink                    Tloc           0%         N/A       58%         2
 Ensorcelled Hibernation  Hex/Ice        0%         N/A       58%         2
 Lesser Beckoning         Tloc           0%         N/A       58%         2
 Momentum Strike          Conj/Tloc      0%         3d8       58%         2
 Call Canine Familiar     Summ           0%         N/A       83%         3
 Gell's Gravitas          Tloc           0%         N/A       83%         3
 Passwall                 Erth           0%         N/A       83%         3
 Sigil of Binding         Hex            0%         N/A       83%         3
 Stone Arrow              Conj/Erth      0%         3d7       83%         3
 Swiftness                Air            0%         N/A       83%         3
 Teleport Other           Tloc           0%         N/A       83%         3
 Brom's Barrelling Bould  Conj/Erth      0%         2d3       99%         4
 Dimensional Bullseye     Hex/Tloc       0%         N/A       99%         4
 Dispersal                Tloc           0%         N/A       100%        6


Dungeon Overview and Level Annotations

Branches:
Dungeon (5/15)
 Temple: D:4-7

Altars:
Elyvilon
Fedhas


Innate Abilities, Weirdness & Mutations

You are too large for most types of armour.
You have claws for hands.
Your natural rate of healing is unusually fast.
You are covered in fur. (AC +1)
You have tough skin. (AC +1)


Message History

You closely miss the water moccasin.
The water moccasin is severely wounded.
You feel very sick. The lemure hits you.
* * * LOW HITPOINT WARNING * * *
The water moccasin bites you.
* * * LOW HITPOINT WARNING * * *
Unknown command.
You feel better. The water moccasin bites you.
* * * LOW HITPOINT WARNING * * *
The lemure misses you.
Unknown command.
You closely miss the water moccasin.
The water moccasin is severely wounded.
The water moccasin barely misses you. The lemure closely misses you.
The water moccasin bites you.
* * * LOW HITPOINT WARNING * * *
You are lethally poisoned!
The water moccasin poisons you!
You feel better. The water moccasin closely misses you.
The lemure hits you but does no damage.
You barely miss the water moccasin.
The water moccasin is severely wounded.
The water moccasin bites you.
* * * LOW HITPOINT WARNING * * *
You are poisoned.
The water moccasin poisons you! The lemure hits you but does no damage.
Unknown command.
You closely miss the water moccasin.
The water moccasin is severely wounded.
You feel sick. The water moccasin bites you.
* * * LOW HITPOINT WARNING * * *
A jackal comes into view.
The lemure hits you but does no damage. The water moccasin closely misses you.
Unknown command.
The jackal barks!
You scratch the water moccasin. You claw the water moccasin.
The water moccasin is almost dead.
You feel sick. The water moccasin bites you.
You die...

# # #.#####.#
##.#.#.#.#
#........#
.####.#h#)#(#
.........†..#
##..#.#5#S###
#.....@..#
###.#.#.##
#######


You could see a water moccasin, a lemure and a jackal.

Vanquished Creatures
  An ogre (D:5)
  Blork the orc (D:4)
  A bombardier beetle (D:4)
  A hound (D:5)
  Terence (D:2)
  2 iguanas (D:4)
  4 gnolls (D:3)
  4 adders
  A dart slug (D:3)
  A ribbon worm (D:4)
  3 orcs
  11 endoplasms
  6 giant cockroaches
  2 goblins
  4 hobgoblins
  3 jackals (D:2)
  3 quokkas (D:3)
  3 ball pythons
  6 bats
  A frilled lizard (D:2)
  8 kobolds
  9 rats
76 creatures vanquished.

Notes
Turn   | Place    | Note
-------+----------+-------------------------------------------
     0 | D:1      | malesh the Troll Gladiator began the quest for the Orb.
     0 | D:1      | Reached XP level 1. HP: 19/19 MP: 0/0
     8 | D:1      | Noticed an electric eel
   164 | D:1      | Reached XP level 2. HP: 25/28 MP: 1/1
   748 | D:2      | Found a white marble altar of Elyvilon.
   888 | D:2      | Reached XP level 3. HP: 35/35 MP: 2/2
  1256 | D:2      | Noticed Terence
  1268 | D:2      | Killed Terence
  1269 | D:2      | Reached XP level 4. HP: 11/40 MP: 0/3
  1729 | D:3      | Reached skill level 4 in Unarmed Combat
  1795 | D:3      | Reached XP level 5. HP: 51/52 MP: 4/4
  2394 | D:4      | Found a blossoming altar of Fedhas.
  2473 | D:4      | Noticed Blork the orc
  2483 | D:4      | Killed Blork the orc
  2484 | D:4      | Reached XP level 6. HP: 46/61 MP: 3/5
  2654 | D:5      | Entered Level 5 of the Dungeon
  2663 | D:5      | Reached skill level 5 in Unarmed Combat
  2672 | D:5      | Noticed a water moccasin
  2694 | D:5      | Slain by a water moccasin

Illustrated notes

Levels and vault maps discovered:
D:1:      arrival_aquarium_a, layout_basic, minmay_misc_feat_plants,
          chequers_serial_rivers_large_a
D:2:      layout_loops_ring, basic_altar, uniq_terence
D:3:      minmay_spotlight, layout_basic, minmay_randomly_rotated_circles
D:4:      layout_rooms, lemuel_tele_altar, hangedman_decor_push,
          uniq_blork_the_orc
D:5:      minmay_angry_zag, layout_loops_ring, minmay_temple_entry_fiery,
          nicolae_ossuary_entry_catacombs, hangedman_glass_teeth, st_stairs_8,
          uniq_pikel

Skill      XL: |  1  2  3  4  5  6 |
---------------+-------------------+-----
Throwing       | 2 3 |  3.1
Fighting       | 2 3 |  3.7
Unarmed Combat | 4 5 |  5.0
Dodging        | 3 |  3.3

Action                     |  1- 3 |  4- 6 || total
---------------------------+-------+-------++-------
  Melee: Unarmed           |    87 |   135 ||   222
         Punch             |     1 |     3 ||     4
  Throw: Throwing net      |     3 |     3 ||     6
    Use: Scroll            |       |     6 ||     6
         Potion            |       |     3 ||     3
   Stab: Sleeping          |     2 |       ||     2
         Held in net/web   |     1 |     1 ||     2
 Armour: Robe              |    48 |   101 ||   149
  Dodge: Dodged            |    30 |    76 ||   106
